 Dungeon Crawl Stone Soup version 0.25-a0-353-ged6d54792d (webtiles) character file.

Game seed: 4969021548225260374, levelgen mode: deterministic

100 mopl the Gusty (level 4, -1/33 HPs)
             Began as a Draconian Air Elementalist on Jan 2, 2020.
             Slain by a giant cockroach (2 damage)
             ... on level 3 of the Dungeon.
             The game lasted 00:03:34 (2067 turns).

mopl the Gusty (Draconian Air Elementalist)         Turns: 2067, Time: 00:03:34

Health: -1/33      AC: -3    Str: 10    XL:     4   Next: 47%
Magic:  0/8        EV: 12    Int: 16    God:
Gold:   67         SH:  0    Dex: 12    Spells: 3/9 levels left

rFire    . . .     SeeInvis .   l - +1 dagger (speed)
rCold    . . .     Gourm    +   (no shield)
rNeg     . . .     Faith    .   (armour unavailable)
rPois    .         Spirit   .   (helmet restricted)
rElec    .         Reflect  .   (no cloak)
rCorr    .         Harm     .   (no gloves)
MR       .....                  (no boots)
Stlth    ++........             n - amulet of the gourmand
HPRegen  0.11/turn              (no ring)
MPRegen  0.11/turn              (no ring)

@: corroded
A: unfitting armour, cold-blooded, AC +5
a: no special abilities


You were on level 3 of the Dungeon.
You were not hungry.

You visited 1 branch of the dungeon, and saw 3 of its levels.

You collected 67 gold pieces.

Inventory:

Hand Weapons
 c - a +0 short sword
 l - a +1 dagger of speed (weapon)
Missiles
 h - 26 poisoned darts (quivered)
 m - 8 javelins
Jewellery
 n - an amulet of the gourmand (around neck)
Scrolls
 a - a scroll of magic mapping {unknown}
 e - a scroll of amnesia {unknown}
 f - a scroll of identify {unknown}
 i - a scroll of remove curse
 k - a scroll of fear
Potions
 d - 3 potions of might {unknown}
 g - a potion of resistance {unknown}
 j - a potion of flight {unknown}
Comestibles
 b - 7 rations


   Skills:
 - Level 1.7 Dodging
 - Level 1.7 Stealth
 + Level 3.0 Spellcasting
 + Level 2.6 Conjurations
 + Level 3.9 Air Magic


You had 3 spell levels left.
You knew the following spells:

 Your Spells              Type           Power        Failure   Level  Hunger
a - Shock                 Conj/Air       ##..         4%          1    #......
b - Static Discharge      Conj/Air       ##......     14%         3    ###....
n - Swiftness             Chrm/Air       #.......     13%         2    ##.....

Your spell library contained the following spells:

 Spells                   Type           Power        Failure   Level  Hunger
 Airstrike                Air            ##........   36%         4    #####..
 Lightning Bolt           Conj/Air       ##........   80%         5    ######.


Dungeon Overview and Level Annotations

Branches:
Dungeon (3/15)

Altars:


Innate Abilities, Weirdness & Mutations

Your plain brown scales are hard. (AC +5)
You cannot fit into any form of body armour.
You are cold-blooded and may be slowed by cold attacks.


Message History

Aim: a giant cockroach (severely wounded)
The zap misses the giant cockroach.
The giant cockroach closely misses you.
Unknown command.
You hit the giant cockroach but do no damage.
The giant cockroach is severely wounded.
The giant cockroach barely misses you.
You hit the giant cockroach but do no damage.
Your tail-slap misses the giant cockroach.
The giant cockroach is severely wounded.
You closely miss the giant cockroach.
The giant cockroach is severely wounded.
The giant cockroach barely misses you.
You hit the giant cockroach but do no damage.
The giant cockroach is severely wounded.
The giant cockroach bites you.
* * * LOW HITPOINT WARNING * * *
You hit the giant cockroach but do no damage.
The giant cockroach is severely wounded.
The giant cockroach bites you.
You die...

..............#
.#...<......#
#...#.........#
..............#
...##.........# ..
#..<......# .
#..?......#
#.........#
#.@s......#
.....(..........#
.....#........#....#
.... ###.......###.#
... #.......# .. ..
#../.....# ## .
########$# .#


You could see a giant cockroach.

Vanquished Creatures
  A jelly (D:3)
  A gnoll (D:1)
  2 adders (D:2)
  A worm (D:2)
  A giant cockroach (D:2)
  5 goblins
  3 hobgoblins
  4 jackals (D:2)
  7 kobolds
  A quokka (D:2)
  A ball python (D:2)
  8 bats
  2 frilled lizards
  5 rats (D:1)
42 creatures vanquished.

Notes
Turn   | Place    | Note
-------+----------+-------------------------------------------
     0 | D:1      | mopl the Draconian Air Elementalist began the quest for the
                  | Orb.
     0 | D:1      | Reached XP level 1. HP: 14/14 MP: 3/3
    91 | D:1      | Reached XP level 2. HP: 15/20 MP: 0/5
    99 | D:1      | Learned a level 2 spell: Swiftness
   738 | D:2      | Reached XP level 3. HP: 26/26 MP: 1/6
   747 | D:2      | Learned a level 3 spell: Static Discharge
   963 | D:2      | Reached skill level 2 in Conjurations
  1439 | D:2      | Reached XP level 4. HP: 11/33 MP: 0/8
  2037 | D:3      | Reached skill level 3 in Spellcasting
  2066 | D:3      | HP: 1/33 [giant cockroach (1)]
  2067 | D:3      | Slain by a giant cockroach

Levels and vault maps discovered:
D:1:      dpeg_arrival_pits, layout_rooms
D:2:      layout_loops_corners, first_ration, supply_closet_lemuel
D:3:      layout_rooms, nemelex_xobeh_ov_fountains_minmay, led_xom_imps

Skill      XL: |  1  2  3  4 |
---------------+-------------+-----
Conjurations   | 2 |  2.6
Spellcasting   | 3 |  3.0
Dodging        | |  1.7
Stealth        | |  1.7
Air Magic      | |  3.9

Action                   |  1- 3 |  4- 6 || total
-------------------------+-------+-------++-------
Melee: Unarmed           |    17 |       ||    17
       Tailslap          |     6 |     1 ||     7
       Short sword       |    25 |       ||    25
       Dagger            |    17 |     8 ||    25
Throw: Dart              |     5 |       ||     5
 Cast: Shock             |    47 |     7 ||    54
       Static Discharge  |       |     1 ||     1
  Use: Scroll            |     2 |       ||     2
 Stab: Sleeping          |     3 |       ||     3
  Eat: Chunk             |    10 |     1 ||    11
Armor: Skin              |    31 |     4 ||    35
Dodge: Dodged            |    49 |     9 ||    58

Table legend:
 A = Non-vault XP
 B = Vault XP
 C = Vault XP percentage of total XP
 D = Non-vault monster count
 E = Vault monster count
 F = Vault count percentage of total count
                 A         B        C        D         E       F
            +---------+---------+-------+---------+---------+-------
      Total |     144 |       0 |   0.0 |      42 |       0 |   0.0
            +---------+---------+-------+---------+---------+-------
        D:1 |      37 |       0 |   0.0 |      17 |       0 |   0.0
        D:2 |      63 |       0 |   0.0 |      23 |       0 |   0.0
        D:3 |      44 |       0 |   0.0 |       2 |       0 |   0.0
            +---------+---------+-------+---------+---------+-------
